 Dungeon Crawl Stone Soup version 0.30-a0-772-g5528072125 (webtiles) character file.

Game seed: 16503573871641227189

114 demibob the Poker (level 4, -1/33 HPs)
             Began as a Merfolk Gladiator on Feb 13, 2023.
             Slain by a hobgoblin (3 damage)
             ... on level 3 of the Dungeon.
             The game lasted 00:02:13 (1827 turns).

demibob the Poker (Merfolk Gladiator)               Turns: 1827, Time: 00:02:13

Health: -1/33      AC:  9    Str: 14    XL:     4   Next: 98%
Magic:  4/4        EV: 13    Int:  9    God:
Gold:   74         SH:  0    Dex: 15    Spells: 3/3 levels left

rFire   + + .      SeeInvis .    a - +0 trident
rCold   . . .      Faith    .    (no shield)
rNeg    + . .      Spirit   .    b - +0 leather armour
rPois   .          Reflect  .    l - +2 helmet of Baleful Fun {rF+}
rElec   .          Harm     .    (no cloak)
rCorr   .          Rampage  .    m - +2 pair of gloves of Apathy {+Inv rF+ rN+}
Will    .....                    (no boots)
Stlth   +                        k - amulet of the acrobat
HPRegen 0.25/turn                (no ring)
MPRegen 0.09/turn                (no ring)

@: mighty, brilliant
A: (nimble swimmer 2), mertail
a: Evoke Invisibility


You were on level 3 of the Dungeon.
You visited 1 branch of the dungeon, and saw 3 of its levels.

You collected 74 gold pieces.


Innate Abilities, Weirdness & Mutations

((You are very nimble when in or above water. (Stealth+, EV+, Speed+++)))
Your lower body shifts to a powerful aquatic tail in water.


   Skills:
 - Level 2.1 Fighting
 + Level 5.0(5.7) Polearms
 * Level 2.4(3.2) Staves
 - Level 2.0 Throwing
 + Level 5.0 Dodging


You had 3 spell levels left.
You didn't know any spells.
Your spell library was empty.

Inventory:

Hand Weapons
 a - a +0 trident (weapon)
Missiles
 d - 3 throwing nets (quivered) {=f}
 e - 6 javelins
Armour
 b - a +0 leather armour (worn)
 c - a +0 helmet
 l - the +2 helmet of Baleful Fun (worn) {rF+}
   (You found it on level 3 of the Dungeon)

   rF:        It protects you from fire.
 m - the +2 pair of gloves of Apathy (worn) {+Inv rF+ rN+}
   (You found it on level 2 of the Dungeon)

   rF:        It protects you from fire.
   rN:        It protects you from negative energy.
   +Inv:      It lets you turn invisible.
Jewellery
 k - an amulet of the acrobat (around neck)
 C - a ring of protection from cold
Wands
 f - a wand of acid (7)
Scrolls
 j - a scroll of poison
Potions
 g - a potion of might

Dungeon Overview and Level Annotations

Branches:
Dungeon (3/15)

Altars:
Sif Muna

### #.. #.###♣
#.#... #.#.. #.#..
#.#h# #@#.#
######g#<#####♣ ≈
.......Kh.o....♣~~~~
#######........~~P~♣
###....#.#♣~♣♣
#....# .# #....# ..
###### .. ##


You could see a jackal, a hobgoblin (strong) and a kobold.


Message History

The orc priest is severely wounded.
The orc priest hits you with a +0 club.
* * * LOW HITPOINT WARNING * * *
The hobgoblin hits you but does no damage.
The kobold barely misses you.
You hit the orc priest but do no damage.
The orc priest is severely wounded.
The orc priest mumbles some strange prayers to Beogh against you.
Beogh smites you!
* * * LOW HITPOINT WARNING * * *
The hobgoblin closely misses you. The kobold misses you.
The kobold completely misses you.
Things that are here:
a +0 leather armour; a +0 club The hobgoblin attacks as you move away!
The hobgoblin misses you.
It was a potion of magic.
Magic courses through your body. The hobgoblin completely misses you.
It was a potion of brilliance.
You feel clever all of a sudden.
The hobgoblin hits you but does no damage.
The kobold closely misses you.
Okay, then.
Okay, then.
Unknown command.
Use which ability? (? or * to list)
Okay, then.
Unknown command.
You feel very mighty all of a sudden. The hobgoblin hits you.
You die...

Skill      XL: |  1  2  3  4 |
---------------+-------------+-----
Staves         | 1 2 |  2.4
Polearms       | 5 |  5.0
Dodging        | 5 |  5.0
Fighting       | |  2.1
Throwing       | |  2.0

Action                     |  1- 3 |  4- 6 || total
---------------------------+-------+-------++-------
  Melee: Trident           |   113 |    26 ||   139
         Punch             |     1 |       ||     1
    Use: Scroll            |       |     4 ||     4
         Potion            |       |     4 ||     4
   Stab: Sleeping          |     3 |       ||     3
         Distracted        |     1 |       ||     1
 Armour: Leather armour    |    14 |    11 ||    25
  Dodge: Dodged            |    52 |    26 ||    78

Levels and vault maps discovered:
D:1:      mrwooster_arrival_statue, layout_rooms,
          shapermc_ecumenical_altar_mp_vishouse
D:2:      layout_basic, basic_altar, minmay_heptomino_l4
D:3:      layout_basic, serial_bayou_ford_a, supply_closet_lemuel, nrook_uturn,
          chequers_serial_rivers_room_a, roderic_batcave, uniq_ijyb

Notes
Turn   | Place    | Note
-------+----------+-------------------------------------------
     0 | D:1      | demibob the Merfolk Gladiator began the quest for the Orb.
     0 | D:1      | Reached XP level 1. HP: 16/16 MP: 1/1
    54 | D:1      | Reached XP level 2. HP: 22/22 MP: 2/2
   283 | D:1      | Reached skill level 1 in Staves
   333 | D:1      | Found a faded altar of an unknown god.
   597 | D:2      | Reached XP level 3. HP: 27/27 MP: 3/3
  1167 | D:2      | Identified the +2 pair of gloves of Apathy {+Inv rF+ rN+}
  1211 | D:2      | Found a shimmering blue altar of Sif Muna.
  1338 | D:2      | Reached XP level 4. HP: 28/33 MP: 4/4
  1676 | D:3      | Noticed Ijyb
  1759 | D:3      | Killed Ijyb
  1760 | D:3      | Reached skill level 2 in Staves
  1767 | D:3      | Reached skill level 5 in Polearms
  1768 | D:3      | Identified the +2 helmet of Baleful Fun {rF+}
  1776 | D:3      | Reached skill level 5 in Dodging
  1821 | D:3      | HP: 1/33 [orc priest/divine providence (13)]
  1827 | D:3      | Slain by a hobgoblin

Vanquished Creatures
  An orc priest (D:3)
  Ijyb (D:3)
  2 adders (D:2)
  A worm (D:2)
  2 dart slugs (D:2)
  An orc (D:3)
  3 bats
  3 endoplasms
  A giant cockroach (D:1)
  4 hobgoblins
  2 quokkas (D:2)
  A ball python (D:1)
  4 frilled lizards
  3 goblins
  4 kobolds (D:2)
  3 rats
36 creatures vanquished.

Vanquished Creatures (others)
  4 plants (D:3)
4 creatures vanquished.

Grand Total: 40 creatures vanquished

Table legend: (Time is in decaauts)
 A = Elapsed time spent in this place.
 B = Non-inter-level travel time spent in this place.
 C = Inter-level travel time spent in this place.
 D = Time resting spent in this place.
 E = Time spent auto-exploring this place.
 F = Levels seen in this place.
 G = Mean time per level.
                   A        B        C        D        E       F      G
               +--------+--------+--------+--------+--------+-----+--------+
         Total |   1837 |   1766 |     71 |    222 |   1234 |   3 |  612.3 |
       Dungeon |   1837 |   1766 |     71 |    222 |   1234 |   3 |  612.3 |
               +--------+--------+--------+--------+--------+-----+--------+

Top non-repeatable levels by time:
     D:2: 1373 daAuts
     D:1: 414 daAuts
     D:3: 49 daAuts

Table legend:
 A = Non-vault XP
 B = Vault XP
 C = Vault XP percentage of total XP
 D = Non-vault monster count
 E = Vault monster count
 F = Vault count percentage of total count
                 A         B        C        D         E       F
            +---------+---------+-------+---------+---------+-------
      Total |     112 |      52 |  31.7 |      32 |       4 |  11.1
            +---------+---------+-------+---------+---------+-------
        D:1 |      15 |       0 |   0.0 |      10 |       0 |   0.0
        D:2 |      51 |      17 |  25.0 |      20 |       3 |  13.0
        D:3 |      46 |      35 |  43.2 |       2 |       1 |  33.3
            +---------+---------+-------+---------+---------+-------
